 Dungeon Crawl Stone Soup version 0.29-a0-43-g62a80824bf (webtiles) character file.

Game seed: 5317434762221693347

676 HallandMoats the Skirmisher (level 7, -5/44 HPs)
             Began as a Gargoyle Fighter on Feb 2, 2022.
             Was a Plaything of Xom.
             Slain by Pikel (6 damage)
             ... on level 5 of the Dungeon.
             The game lasted 00:04:21 (4654 turns).

HallandMoats the Skirmisher (Gargoyle Fighter)      Turns: 4654, Time: 00:04:22

Health: -5/44      AC: 20    Str: 19    XL:     7   Next: 60%
Magic:  9/9        EV:  6    Int:  9    God:    Xom [.*....]
Gold:   114        SH:  4    Dex: 11    Spells: 6/6 levels left

rFire   . . .      SeeInvis .   a - +0 war axe
rCold   . . .      Faith    .   c - +0 buckler
rNeg    + . .      Spirit   .   q - +0 plate armour
rPois   ∞          Reflect  .   u - +0 helmet
rElec   +          Harm     .   g - +0 cloak
rCorr   .          Rampage  .   r - +0 pair of gloves
Will    .....                   (no boots)
Stlth   ..........              t - amulet of the acrobat
HPRegen 0.14/turn               (no ring)
MPRegen 0.11/turn               (no ring)

@: mighty
A: sickness immunity, AC +4, negative energy resistance 1, electricity
resistance, torment resistance 1, petrification resistance
a: Renounce Religion


You were on level 5 of the Dungeon.
You worshipped Xom.
You were a plaything of Xom.
You visited 1 branch of the dungeon, and saw 5 of its levels.
You also visited: Sewer.

You collected 114 gold pieces.

Inventory:

Hand Weapons
 a - a +0 war axe (weapon)
Armour
 c - a +0 buckler (worn)
 g - a +0 cloak (worn)
 q - a +0 plate armour (worn)
 r - a +0 pair of gloves (worn)
 u - a +0 helmet (worn)
Jewellery
 t - an amulet of the acrobat (around neck)
Scrolls
 b - 2 scrolls of identify {unknown}
 f - a scroll of fear {unknown}
 i - 2 scrolls of silence {unknown}
 j - a scroll of magic mapping {unknown}
 k - a scroll of brand weapon {unknown}
 l - 4 scrolls of teleportation {unknown}
 o - 2 scrolls of amnesia {unknown}
 s - a scroll of fog {unknown}
 v - a scroll of blinking {unknown}
 w - a scroll of enchant armour {unknown}
Potions
 h - 2 potions of degeneration {unknown}
 m - 2 potions of heal wounds {unknown}
 n - 2 potions of brilliance {unknown}
 p - 2 potions of flight


   Skills:
 * Level 5.3 Fighting
 * Level 3.8 Axes
 + Level 4.2 Armour
 + Level 2.0 Dodging
 + Level 4.3 Shields
 * Level 3.7 Invocations


You had 6 spell levels left.
You didn't know any spells.
Your spell library contained the following spells:

 Spells                   Type           Power      Damage    Failure   Level
 Confusing Touch          Hex            0%         N/A       100%        3
 Gell's Gravitas          Tloc           0%         N/A       100%        3
 Teleport Other           Tloc           0%         N/A       100%        3
 Yara's Violent Unravell  Hex/Tmut       0%         3d3       100%        5
 Dispersal                Tloc           0%         N/A       100%        6
 Enfeeble                 Hex            0%         N/A       100%        7


Dungeon Overview and Level Annotations

Branches:
Dungeon (5/15)              Sewer (visited)
 Temple: D:4-7

Altars:
Xom

Annotations:
D:5 Pikel


Innate Abilities, Weirdness & Mutations

You are immune to sickness and miasma.
Your stone body is resilient. (AC +4)
You are immune to poison.
You resist negative energy. (rN+)
You are resistant to electric shocks. (rElec)
You are resistant to unholy torment.
You are immune to petrification.


Message History

Pikel, Merchant of Souls comes into view.
He is wielding a +2 whip of freezing and wearing a +2 robe of willpower.
Pikel is nearby!
Pikel is nearby!
Okay, then.
You feel better.
Pikel shouts!
You feel better.
You feel very mighty all of a sudden.
A lemure comes into view.
You see here an iguana corpse.
You swing at nothing.
The lemure shouts!
You hit Pikel.
Pikel is lightly wounded.
Pikel says, "Hell isn't that bad."
Pikel hits you with a +2 whip of freezing.
Pikel freezes you.
A lemure comes into view.
Pikel hits you but does no damage.
The lemure shouts!
You hit Pikel but do no damage.
Pikel is lightly wounded.
Pikel hits you with a +2 whip of freezing!
* * * LOW HITPOINT WARNING * * *
Pikel freezes you.
* * * LOW HITPOINT WARNING * * *
You closely miss Pikel.
Pikel is lightly wounded.
Pikel hits you with a +2 whip of freezing.
* * * LOW HITPOINT WARNING * * *
Pikel freezes you.
* * * LOW HITPOINT WARNING * * *
A lemure comes into view.
You slash Pikel!
Pikel is severely wounded.
You closely miss the lemure. Pikel hits you but does no damage.
The lemure hits you but does no damage.
Pikel hits you with a +2 whip of freezing.
You die...
Xom chortles!

#...####..#.#
#...##.÷....##
#............#
#............###
###..........5.
#..........# #.#
#####..........#
#.#
#..........55..#
#.#
#.........@K...#
#.#
#..............#
#.# #####
#.....#######'##
#.# ....# #.....#
#.## #.# ....#
#.....# #..####.#
....# #######
##......#
....########
#......#
...........######
#......#
................#
##.....#


You could see Pikel and 3 lemures.

Vanquished Creatures
  A necrophage (D:4)
  A kobold brigand (Sewer)
  2 scorpions (D:5)
  A howler monkey (D:5)
  A jelly (D:5)
  2 centaur skeletons
  2 iguanas (D:5)
  2 orc wizards (D:4)
  A hound skeleton (D:2)
  2 gnolls (D:4)
  4 adders
  An ufetubus (D:5)
  3 worms
  2 dart slugs
  8 orcs
  6 ball pythons
  4 bats
  10 endoplasms
  3 giant cockroaches
  5 goblins
  7 hobgoblins
  4 jackals (D:2)
  2 quokkas
  A frilled lizard (D:2)
  11 kobolds
  12 rats
98 creatures vanquished.

Notes
Turn   | Place    | Note
-------+----------+-------------------------------------------
     0 | D:1      | HallandMoats the Gargoyle Fighter began the quest for the
                  | Orb.
     0 | D:1      | Reached XP level 1. HP: 14/14 MP: 1/1
    17 | D:1      | Found a faded altar of an unknown god.
    30 | D:1      | Prayed at the altar of an unknown god.
    30 | D:1      | Became a worshipper of Xom of Chaos
   253 | D:1      | Reached XP level 2. HP: 12/19 MP: 2/2
   511 | D:1      | Reached skill level 1 in Invocations
   511 | D:1      | Reached XP level 3. HP: 22/24 MP: 3/3
   791 | D:1      | XOM: noise
  1407 | D:2      | Reached XP level 4. HP: 27/29 MP: 4/4
  1780 | D:2      | Reached skill level 4 in Fighting
  1781 | D:2      | Reached skill level 1 in Dodging
  2317 | D:3      | Found a glowing drain.
  2327 | Sewer    | Entered a sewer
  2386 | Sewer    | Noticed a kobold brigand
  2403 | Sewer    | XOM: divination: detect creatures
  2405 | Sewer    | Killed a kobold brigand
  2406 | Sewer    | Reached XP level 5. HP: 19/33 MP: 6/6
  2543 | Sewer    | Found a white marble altar of Elyvilon.
  2676 | D:3      | XOM: silly message
  3020 | D:4      | XOM: swap monsters
  3021 | D:4      | XOM: enchant monster (bad)
  3040 | D:4      | XOM: polymorph gnoll -> orc
  3063 | D:4      | Reached XP level 6. HP: 32/39 MP: 7/7
  3067 | D:4      | XOM: smoke on damage
  3144 | D:4      | XOM: stat loss: -1 Str (18/19)
  3176 | D:4      | Noticed a necrophage
  3191 | D:4      | Killed a necrophage
  4217 | D:5      | Entered Level 5 of the Dungeon
  4279 | D:5      | Reached skill level 5 in Fighting
  4279 | D:5      | Reached XP level 7. HP: 44/44 MP: 9/9
  4349 | D:5      | XOM: scenery: 1 doors open
  4353 | D:5      | XOM: scenery: 1 doors close
  4368 | D:5      | XOM: divination: detect items
  4469 | D:5      | XOM: enchant monster (good)
  4471 | D:5      | XOM: scenery: summon butterflies
  4604 | D:5      | XOM: 3-stop teleportation journey
  4605 | D:5      | XOM: swap monsters
  4611 | D:5      | HP: 1/44 [iguana (6)]
  4645 | D:5      | Noticed Pikel
  4653 | D:5      | HP: 2/44 [Pikel (6)]
  4654 | D:5      | Slain by Pikel

Illustrated notes

Levels and vault maps discovered:
D:1:      dpeg_arrival_connections, layout_basic,
          shapermc_ecumenical_altar_starsandcircs, glass_columns_c
D:2:      layout_rooms
D:3:      layout_loops_ring, cheibrodos_sewer_entry_drain,
          minmay_misc_feat_roman, nrook_mini_vaults
D:4:      nicolae_cairo_tiling_large_dashed, layout_layer_cave
D:5:      layout_basic, uniq_pikel, uniq_eustachio

Skill      XL: |  1  2  3  4  5  6  7 |
---------------+----------------------+-----
Axes           | 2 3 |  3.8
Invocations    | 1 2 3 |  3.7
Fighting       | 4 5 |  5.3
Dodging        | 1 2 |  2.0
Shields        | 4 |  4.3
Armour         | 4 |  4.2

Action                   |  1- 3 |  4- 6 |  7- 9 || total
-------------------------+-------+-------+-------++-------
Melee: War axe           |    92 |   187 |    53 ||   332
  Use: Potion            |       |     4 |     3 ||     7
Armor: Scale mail        |    40 |    42 |       ||    82
       Plate armour      |       |   154 |    38 ||   192
Dodge: Dodged            |    54 |    89 |    15 ||   158
Block: Buckler           |    15 |    55 |     7 ||    77

Table legend: (Time is in decaauts)
 A = Elapsed time spent in this place.
 B = Non-inter-level travel time spent in this place.
 C = Inter-level travel time spent in this place.
 D = Time resting spent in this place.
 E = Time spent auto-exploring this place.
 F = Levels seen in this place.
 G = Mean time per level.
                   A        B        C        D        E       F      G
               +--------+--------+--------+--------+--------+-----+--------+
         Total |   4814 |   4705 |    109 |     30 |   3816 |   6 |  802.3 |
       Dungeon |   4526 |   4417 |    109 |     30 |   3582 |   5 |  905.2 |
         Sewer |    288 |    288 |      0 |      0 |    233 |   1 |  288.0 |
               +--------+--------+--------+--------+--------+-----+--------+

Top non-repeatable levels by time:
     D:1: 1254 daAuts
     D:4: 1250 daAuts
     D:2: 820 daAuts
     D:3: 736 daAuts
     D:5: 464 daAuts
   Sewer: 288 daAuts
